 Seeded DCSS version 0.31-a0-339-gda1cbd555d (webtiles) character file.

Game seed: 14215367866634240820 (custom seed)

5 innerfire43 the Trooper (level 1, -1/18 HPs)
             Began as a Demonspawn Monk on July 20, 2023.
             Slain by a quokka (3 damage)
             ... on level 1 of the Dungeon.
             The game lasted 00:00:08 (50 turns).

innerfire43 the Trooper (Demonspawn Monk)             Turns: 50, Time: 00:00:09

Health: -1/18      AC:  2    Str: 11    XL:     1   Next: 66%
Magic:  1/1        EV: 13    Int: 11    God:
Gold:   7          SH:  0    Dex: 15    Spells: 0/0 levels left

rFire   . . .        a - +0 hand axe
rCold   . . .        d - orb {light}
rNeg    . . .        b - +0 robe
rPois   .            (no helmet)
rElec   .            (no cloak)
rCorr   .            (no gloves)
SInv    .            (no boots)
Will    .....        (no amulet)
Stlth   +            (no ring)
HPRegen 0.23/turn    (no ring)
MPRegen 0.07/turn

%: no passive effects
@: glowing
A: no striking features
a: no special abilities


You were on level 1 of the Dungeon.
You visited 1 branch of the dungeon, and saw 1 of its levels.

You collected 7 gold pieces.

Inventory:

Hand Weapons
 a - a +0 hand axe (weapon)
Armour
 b - a +0 robe (worn)
 d - an orb of light (worn)
Scrolls
 e - a scroll of enchant weapon {unknown}
Potions
 c - a potion of ambrosia


   Skills:
 + Level 3.1 Fighting
 * Level 2.9 Axes
 + Level 2.8 Dodging


You couldn't memorise any spells.
You didn't know any spells.
Your spell library was empty.

Dungeon Overview and Level Annotations

Branches:
Dungeon (1/15)

Altars:


Message History

The goblin hits you but does no damage.
The jackal moves out of view.
You hit the goblin.
The goblin is severely wounded.
You hit the jackal. You closely miss the frilled lizard. The jackal bites you.
The frilled lizard barely misses you. The jackal barely misses you.
The goblin hits you but does no damage.
You barely miss the goblin.
The goblin is severely wounded.
You hit the frilled lizard.
You kill the frilled lizard!
You barely miss the jackal.
The jackal bites you but does no damage.
The goblin hits you but does no damage. The jackal bites you.
The jackal closely misses you.
You hit the goblin.
You kill the goblin!
You hit the jackal. x2
You kill the jackal!
The jackal bites you.
Unknown command.
You barely miss the ball python. You hit the jackal.
You hit the hobgoblin but do no damage. You completely miss the quokka.
The hobgoblin hits you. The quokka completely misses you.
The ball python bites you. The ball python barely misses you.
The jackal misses you.
The hobgoblin hits you but does no damage.
The quokka bites you but does no damage.
The ball python barely misses you. x2
You slash the ball python!
You kill the ball python!
You hit the jackal. You hit the hobgoblin but do no damage. You hit the quokka.
The jackal closely misses you. The quokka barely misses you.
The jackal bites you. The hobgoblin hits you.
* * * LOW HITPOINT WARNING * * *
The jackal bites you but does no damage.
You hit the jackal.
You kill the jackal!
You hit the jackal. You hit the hobgoblin. You hit the quokka.
The quokka bites you.
You die...

#.# ............
#.##............ . #
#....~~~~≈~≈~~~~ .. #.
#....≈≈≈~≈≈≈≈≈≈≈ [. #.
#...(~~≈≈≈≈≈≈≈≈≈
###.#.###....~≈≈#+#'#≈≈≈
.............~≈≈+(..##'#
.....g)hr....≈≈≈+...#...
P.....#@##...~≈≈#'#'#.##
P.... #g##....~≈≈≈#...#.
..P. ..##..⌠..~≈~'.⌠.'.
♣.. ...##..⌠..≈~≈'.⌠.'.
♣. ....##....~≈≈≈#...#.
. ##...##...~~≈#+###.##
#........≈≈≈+ +...
....#....~≈≈+ ##+#
.......~~≈#


You could see a quokka, a jackal, a hobgoblin and a goblin.

Vanquished Creatures
  A ball python (D:1)
  A goblin (D:1)
  2 jackals (D:1)
  A frilled lizard (D:1)
  A rat (D:1)
6 creatures vanquished.

Notes
Turn   | Place    | Note
-------+----------+-------------------------------------------
     0 | D:1      | innerfire43 the Demonspawn Monk began the quest for the
                  | Orb.
     0 | D:1      | Reached XP level 1. HP: 18/18 MP: 1/1
    50 | D:1      | Slain by a quokka

Illustrated notes

Levels and vault maps discovered:
D:1:      dpeg_arrival_castle, layout_basic, serial_forest,
          infiniplex_forest_straight_2, infiniplex_forest_straight_3,
          infiniplex_forest_clump_double, infiniplex_forest_lined_1,
          infiniplex_forest_clump_small, infiniplex_forest_straight_2,
          infiniplex_forest_lined_3_way

Action                     || total
---------------------------++-------
  Melee: Hand axe          ||     9
 Armour: Robe              ||     7
  Dodge: Dodged            ||    15

Table legend: (Time is in decaauts)
 A = Elapsed time spent in this place.
 B = Non-inter-level travel time spent in this place.
 C = Inter-level travel time spent in this place.
 D = Time resting spent in this place.
 E = Time spent auto-exploring this place.
 F = Levels seen in this place.
 G = Mean time per level.
                   A        B        C        D        E       F      G
               +--------+--------+--------+--------+--------+-----+--------+
         Total |     53 |     53 |      0 |      0 |     36 |   1 |   53.0 |
       Dungeon |     53 |     53 |      0 |      0 |     36 |   1 |   53.0 |
               +--------+--------+--------+--------+--------+-----+--------+

Top non-repeatable levels by time:
     D:1: 53 daAuts
